cohdb
Replays
Latest Replays
All Replays
Popular Replays
Top Player Replays
Match Explorer
How It Works
Community
CoH3 Stats
Reddit
Sign in to upload your games and track your stats! →
Sign in with Steam
Match 42070569
Unlisted
Match 42070569
Overview
Messages
Build Orders
End
Construct Section Command Post
Royal Engineer Section
Infantry Section
Infantry Section
Infantry Section
Construct Platoon Command Post
ML 3-inch Mortar Team
Construct Field Infirmary
Selects Indian Artillery Battlegroup
Selects War Cry
Selects Gurkha Rifles Section
Gurkha Rifles Section
Construct Company Command Post
Selects Volunteer Infantry
War Cry
Crusader II Medium Tank
Infantry Training
Selects Artillery Saturation
Crusader II Medium Tank
Armored Vehicle Training
Selects Off-map Airburst Barrage
Foot Guards Section
Selects Perimeter Monitor
Crusader II Medium Tank
Crusader II Medium Tank
Perimeter Monitor
Royal Engineer Section
Crusader II Medium Tank
Perimeter Monitor
Crusader II Medium Tank
只愛❤毛妹
Briefcase Taco
0
0
Comments
sign in to comment!
No comments posted yet!